 Dungeon Crawl Stone Soup version 0.22-a0-815-gb582571 (webtiles) character file.

10168 zishaf the Fighter (level 11, -4/76 HPs)
             Began as a Kobold Assassin on July 23, 2018.
             Was an Elder of Uskayaw.
             Slain by a four-headed hydra (14 damage)
             ... on level 10 of the Dungeon.
             The game lasted 00:35:50 (13534 turns).

zishaf the Fighter (Kobold Assassin)               Turns: 13534, Time: 00:35:51

Health: -4/76      AC:  5    Str: 13    XL:     11   Next: 87%
Magic:  16/16      EV: 23    Int: 14    God:    Uskayaw [****..]
Gold:   457        SH:  0    Dex: 18    Spells: 10/10 levels left

rFire    + . .     SeeInvis .   a - +6 dagger (speed)
rCold    . . .     Gourm    .   (shield restricted)
rNeg     . . .     Faith    .   x - +1 animal skin
rPois    .         Spirit   .   F - +1 hat
rElec    .         Reflect  .   d - +0 cloak
rCorr    .         Harm     .   (no gloves)
MR       .....                  (no boots)
Stlth    ++++......             (no amulet)
HPRegen  0.22/turn              I - ring of protection from fire
MPRegen  0.15/turn              v - +4 ring of strength

@: no status effects
A: small, agile 1, carnivore, weak 1, MP-powered wands
a: Stomp, Line Pass, Renounce Religion


You were on level 10 of the Dungeon.
You worshipped Uskayaw.
Uskayaw was noncommittal.
You were completely stuffed.

You visited 2 branches of the dungeon, and saw 12 of its levels.

You collected 457 gold pieces.

Inventory:

Hand Weapons
 a - a +6 dagger of speed (weapon)
 b - a +0 blowgun
 w - a +2 dagger
 E - a cursed -1 short sword
Missiles
 c - 5 tomahawks of dispersal
 e - 12 poisoned needles
 f - a curare-tipped needle
 q - 9 tomahawks (quivered)
 H - 2 exploding tomahawks
Armour
 d - a +0 cloak (worn)
 t - a +1 helmet
 x - a +1 animal skin (worn)
 F - a +1 hat (worn)
Jewellery
 n - an uncursed ring of protection from cold
 v - a +4 ring of strength (right hand)
 A - a +4 ring of intelligence
 I - a ring of protection from fire (left hand)
Wands
 y - a wand of digging (40)
 B - a wand of flame (29)
 C - a wand of acid (18)
 J - a wand of iceblast (5)
 N - a wand of polymorph (9)
Scrolls
 h - 2 scrolls of blinking {unknown}
 i - 3 scrolls of fear {unknown}
 j - a scroll of noise
 k - a scroll of immolation
 l - 2 scrolls of magic mapping {unknown}
 o - a scroll of enchant armour {unknown}
 p - 3 scrolls of remove curse
 s - 4 scrolls of teleportation {unknown}
 z - a scroll of silence {unknown}
 D - 4 scrolls of amnesia {unknown}
 L - a scroll of holy word
Potions
 m - 5 potions of flight
 r - 4 potions of curing
 u - a potion of heal wounds
 G - a potion of might
 K - a potion of haste {unknown}
Miscellaneous
 M - a fan of gales
Comestibles
 g - 22 rations


   Skills:
 + Level 11.7 Fighting
 + Level 10.3 Short Blades
 + Level 5.4 Throwing
 - Level 10.0 Dodging
 + Level 7.5 Stealth
 + Level 7.9 Evocations


You had 10 spell levels left.
You didn't know any spells.
Your spell library contained the following spells:

 Spells                   Type           Power        Failure   Level  Hunger
 Magic Dart               Conj           #...         28%         1    ##.....
 Apportation              Tloc           #.....       28%         1    ##.....
 Throw Frost              Conj/Ice       #.....       41%         2    ###....
 Summon Small Mammal      Summ           #...         28%         1    ##.....
 Iskenderun's Mystic Bla  Conj           #.......     96%         4    #####..
 Animate Skeleton         Necr           N/A          28%         1    ##.....
 Freeze                   Ice            #...         28%         1    ##.....
 Summon Ice Beast         Ice/Summ       #.......     96%         4    #####..
 Ozocubu's Armour         Chrm/Ice       #.......     65%         3    ####...
 Summon Demon             Summ           #.........   100%        5    ######.
 Throw Icicle             Conj/Ice       #.......     96%         4    #####..
 Confusing Touch          Hex            #.....       28%         1    ##.....
 Lee's Rapid Deconstruct  Erth           #.........   100%        5    ######.
 Petrify                  Tmut/Erth      #.......     96%         4    #####..
 Fulminant Prism          Conj/Hex       #.........   96%         4    #####..
 Dazzling Spray           Conj/Hex       #.....       65%         3    ####...
 Force Lance              Conj/Tloc      #.......     96%         4    #####..
 Searing Ray              Conj           #.....       41%         2    ###....
 Summon Mana Viper        Hex/Summ       #.......     100%        5    ######.


Dungeon Overview and Level Annotations

Branches:
Dungeon (11/15)            Temple (1/1) D:7
   Lair: D:8-11         Orc: D:9-12

Altars:
Ashenzari
Cheibriados
Dithmenos
Elyvilon
Fedhas
Gozag
Hepliaklqana
Kikubaaqudgha
Makhleb
Nemelex Xobeh
Okawaru
Qazlal
Ru
Sif Muna
Trog
Uskayaw
Vehumet
Wu Jian
Xom
Yredelemnul
Zin
The Shining One

Shops:
D:4 !%**


Innate Abilities, Weirdness & Mutations

You are small and have problems with some larger weapons.
You are carnivorous and can eat meat at any time.
You are agile. (Dex +2)
You are weak. (Str -2)
You expend magic power (3 MP) to strengthen your wands.


Message History

You hit the four-headed hydra.
The four-headed hydra is heavily wounded.
The four-headed hydra bites you. The four-headed hydra bites you!
The four-headed hydra barely misses you.
The four-headed hydra bites you!
* * * LOW HITPOINT WARNING * * *
You hit the four-headed hydra.
The four-headed hydra is heavily wounded.
You hit the four-headed hydra.
The four-headed hydra is heavily wounded.
There is a stone staircase leading up, spattered with blood here.
The four-headed hydra misses you. The four-headed hydra bites you!
* * * LOW HITPOINT WARNING * * *
The four-headed hydra closely misses you.
The four-headed hydra barely misses you.
You climb upwards.
There is a stone staircase leading down, spattered with blood here.
The four-headed hydra closely misses you.
The four-headed hydra bites you!
You die...

#...# #...# #.# #..
#...# #...# #.# #..
#...# #)..# #.# #..
#...# #...# #.# #..
#...# #...# #.# #..
#...########...# #.#
#.. #..............#
#.# #..
#.........D....#####.#
#..
#..........@.........#
#..
#..#########.........#
#.. #..# #...####..#
#.. #..# #...# #..#
#.. ######..# #...#
#..#####.. ........#
#...# #......>..
........# #...#
#.>....... ........#
#(..# #.........
........# #...#
#.........


You could see a four-headed hydra.

Vanquished Creatures
  Josephine (D:9)
  3 two-headed ogres
  A gargoyle (D:10)
  Sigmund (D:6)
  4 wraiths (D:9)
  Eustachio (D:5)
  2 water elementals (D:11)
  Menkaure (D:5)
  An acid dragon (D:11)
  3 black bears (D:7)
  2 ice beasts
  3 orc warriors
  3 sky beasts
  An eye of draining (D:9)
  6 ogres
  A centaur (D:10)
  5 crocodiles
  3 big kobolds
  5 bullfrogs
  17 killer bees
  2 scorpions
  A water moccasin skeleton (D:7)
  5 wights (D:6)
  2 electric eels (D:11)
  5 howler monkeys
  9 crimson imps
  A centaur zombie (D:5)
  14 orc wizards
  A quasit (D:11)
  2 centaur skeletons
  4 orc priests
  A bullfrog skeleton (D:4)
  2 hounds (D:9)
  An iguana (D:6)
  Ijyb (D:5)
  Natasha (thrice) (D:3)
  Terence (D:2)
  4 worker ants
  A hound skeleton (D:6)
  A howler monkey zombie (D:5)
  Robin (D:3)
  7 adders
  3 shadow imps
  3 oozes
  2 adder zombies
  An adder skeleton (D:7)
  A worm (D:2)
  3 dart slugs
  5 leopard geckos
  46 orcs
  7 bats
  7 giant cockroaches
  17 goblins
  12 hobgoblins
  6 jackals
  5 quokkas
  A ball python (D:5)
  2 frilled lizards
  23 kobolds
  A leopard gecko skeleton (D:4)
  14 rats
292 creatures vanquished.

Vanquished Creatures (others)
  3 bushes (D:11)
  5 fungi (D:11)
  23 plants (D:11)
31 creatures vanquished.

Grand Total: 323 creatures vanquished

Notes
Turn   | Place    | Note
-------+----------+-------------------------------------------
     0 | D:1      | zishaf the Kobold Assassin began the quest for the Orb.
     0 | D:1      | Reached XP level 1. HP: 12/12 MP: 1/1
   102 | D:1      | Reached XP level 2. HP: 11/18 MP: 2/2
   771 | D:1      | Reached XP level 3. HP: 20/22 MP: 3/3
  1425 | D:2      | Found an ancient bone altar of Kikubaaqudgha.
  1428 | D:2      | Found a hide-covered altar of Uskayaw.
  1431 | D:2      | Found a radiant altar of Vehumet.
  1466 | D:2      | Noticed Terence
  1496 | D:2      | Killed Terence
  1496 | D:2      | Reached XP level 4. HP: 23/27 MP: 4/4
  1640 | D:2      | Noticed an ogre
  1648 | D:2      | Killed an ogre
  1648 | D:2      | Reached skill level 3 in Fighting
  1648 | D:2      | Reached XP level 5. HP: 32/32 MP: 5/5
  2316 | D:3      | Reached XP level 6. HP: 32/37 MP: 6/6
  2435 | D:3      | Noticed Robin
  2486 | D:3      | Killed Robin
  2779 | D:3      | Noticed Natasha
  2785 | D:3      | Killed Natasha
  2922 | D:3      | Reached skill level 4 in Fighting
  2984 | D:3      | Noticed an ice beast
  3002 | D:3      | Killed an ice beast
  3002 | D:3      | Reached XP level 7. HP: 20/44 MP: 7/7
  3409 | D:3      | Noticed Natasha
  3417 | D:3      | Killed Natasha
  3429 | D:3      | Noticed Natasha
  3435 | D:3      | Killed Natasha
  3514 | D:4      | Found a shattered altar of Ashenzari.
  3761 | D:4      | Reached skill level 5 in Fighting
  3797 | D:4      | Reached skill level 5 in Throwing
  3797 | D:4      | Reached skill level 5 in Dodging
  3798 | D:4      | Found Xeki's Distillery.
  3802 | D:4      | Found Murrit Xenye's Assorted Antiques.
  3802 | D:4      | Found Nuilotom's Food Shop.
  3803 | D:4      | Found Ruvvin's General Store.
  3842 | D:4      | Reached XP level 8. HP: 49/49 MP: 8/8
  3845 | D:4      | Found a sparkling altar of Nemelex Xobeh.
  4275 | D:4      | Gained mutation: Scrolls take you a little longer to read. [potion of mutation]
  4275 | D:4      | Gained mutation: You are weak. (Str -2) [potion of mutation]
  4275 | D:4      | Gained mutation: You have an increased reservoir of magic. (+10% MP) [potion of mutation]
  4276 | D:4      | Lost mutation: Scrolls take you a little longer to read. [potion of mutation]
  4276 | D:4      | Gained mutation: You expend magic power (3 MP) to strengthen your wands. [potion of mutation]
  4276 | D:4      | Lost mutation: You have an increased reservoir of magic. (+10% MP) [potion of mutation]
  4276 | D:4      | Gained mutation: You are agile. (Dex +2) [potion of mutation]
  4298 | D:5      | Entered Level 5 of the Dungeon
  4474 | D:5      | Found a shadowy altar of Dithmenos.
  4485 | D:5      | Found a shimmering altar of Xom.
  4532 | D:5      | Reached skill level 6 in Fighting
  4556 | D:5      | Noticed Ijyb
  4560 | D:5      | Killed Ijyb
  4577 | D:5      | Noticed Eustachio
  4655 | D:5      | Killed Eustachio
  4792 | D:5      | Found a sacrificial altar of Ru.
  4792 | D:5      | Noticed Menkaure
  4804 | D:5      | Killed Menkaure
  5076 | D:5      | Reached skill level 7 in Fighting
  5076 | D:5      | Reached XP level 9. HP: 57/57 MP: 9/9
  5566 | D:6      | Reached skill level 1 in Evocations
  5774 | D:6      | Reached skill level 5 in Short Blades
  5976 | D:6      | Noticed Sigmund
  5980 | D:6      | Killed Sigmund
  6450 | D:7      | Reached skill level 8 in Fighting
  6496 | D:7      | Found a staircase to the Ecumenical Temple.
  6513 | Temple   | Entered the Ecumenical Temple
  6746 | D:2      | Became a worshipper of Uskayaw the Reveler
  6854 | D:7      | Reached * piety under Uskayaw
  6865 | D:7      | Found a bloodstained altar of Trog.
  6957 | D:6      | Reached ** piety under Uskayaw
  7338 | D:7      | Reached *** piety under Uskayaw
  7471 | D:7      | Found a white marble altar of Elyvilon.
  7495 | D:7      | Reached XP level 10. HP: 64/65 MP: 13/13
  7499 | D:7      | Reached **** piety under Uskayaw
  7584 | D:7      | Reached ***** piety under Uskayaw
  7844 | D:8      | Noticed a two-headed ogre
  7868 | D:8      | Killed a two-headed ogre
  7868 | D:8      | Reached skill level 9 in Fighting
  7999 | D:8      | Found a shimmering altar of Xom.
  8020 | D:8      | Found a basalt altar of Yredelemnul.
  8084 | D:8      | Found a white marble altar of Elyvilon.
  8233 | D:8      | Reached skill level 10 in Dodging
  8687 | D:9      | Noticed a two-headed ogre
  8691 | D:9      | Killed a two-headed ogre
  8735 | D:9      | Noticed a two-headed ogre
  9034 | D:9      | Killed a two-headed ogre
  9034 | D:9      | Reached skill level 10 in Fighting
  9034 | D:9      | Reached XP level 11. HP: 50/72 MP: 16/16
  9530 | D:9      | Found a burning altar of Makhleb.
  9645 | D:9      | Found an ornate altar of the Wu Jian Council.
  9795 | D:10     | Entered Level 10 of the Dungeon
  9795 | D:10     | Noticed Josephine
  9814 | D:9      | Killed Josephine
  9814 | D:9      | Reached skill level 11 in Fighting
 11365 | D:10     | Identified the Grimoire of Creative Stones
 11534 | D:11     | Reached skill level 10 in Short Blades
 12970 | D:11     | Noticed a four-headed hydra
 13534 | D:10     | Slain by a four-headed hydra

Vault maps used:
D:1:      dpeg_arrival_morbid_curiosity, kennysheep_another_room
D:2:      grunt_temple_overflow_diamond, minmay_rat_gold_closets, uniq_terence
D:3:      st_stairs_1, minmay_misc_feat_square, minmay_goblin_outpost,
          uniq_natasha, uniq_robin
D:4:      nemelex_altar_shiori, lemuel_crystal_altar, first_ration,
          hangedman_decor_push, minmay_shop_grid_forest
D:5:      grunt_dithmenos_smoke_and_mirrors, basic_altar, led_xom_imps,
          uniq_ijyb, uniq_menkaure, uniq_eustachio
D:6:      uniq_sigmund
D:7:      trog_ov_bears_minmay, minmay_temple_entry_glass, basic_altar
D:8:      kennysheep_ying_yang, lemuel_round_altar, blue_anna_alchemist
D:9:      nicolae_overflow_crystal_walls, makhleb_altar_promises_db
D:10:     uniq_josephine
D:11:     erik_rubicon_a, minmay_lair_entry_grove, serial_shops,
          nicolae_shop_waterfront, minivault_14, st_stairs_9, uniq_sonja
Temple:   zaba_magenta_temple

Skill      XL: |  1  2  3  4  5  6  7  8  9 10 11 |
---------------+----------------------------------+-----
Short Blades   | 3 4 5 7 10 | 10.3
Dodging        | 2 3 4 5 7 9 10 | 10.0
Fighting       | 3 4 5 7 8 10 11 | 11.7
Throwing       | 3 4 5 |  5.4
Stealth        | 6 7 |  7.5
Evocations     | 4 7 |  7.9

Action                   |  1- 3 |  4- 6 |  7- 9 | 10-12 || total
-------------------------+-------+-------+-------+-------++-------
Melee: Dagger            |   124 |   159 |   413 |   693 ||  1389
 Fire: Blowgun           |     1 |       |    27 |    31 ||    59
Throw: Tomahawk          |       |       |       |    15 ||    15
Invok: Stomp             |       |       |       |     1 ||     1
Evoke: Wand              |       |       |       |     3 ||     3
  Use: Scroll            |       |       |     7 |     3 ||    10
       Potion            |       |       |     2 |     3 ||     5
 Stab: Sleeping          |    14 |    12 |    14 |    12 ||    52
       Paralysed         |       |       |     1 |    19 ||    20
       Distracted        |       |       |       |     1 ||     1
  Eat: Chunk             |    10 |     5 |    14 |    19 ||    48
Armor: Robe              |    21 |    16 |       |       ||    37
       Animal skin       |       |     7 |    37 |    28 ||    72
Dodge: Dodged            |    87 |    89 |   249 |   403 ||   828

Table legend:
 A = Spawn XP
 B = Non-spawn XP
 C = Spawn XP percentage of total XP
 D = Spawn monster count
 E = Non-spawn monster count
 F = Spawn count percentage of total count
 G = Total turns spent on level
                    A         B        C        D         E        F      G
               +---------+---------+-------+---------+---------+-------+---------
         Total |       0 |   14526 |   0.0 |       0 |     292 |   0.0 | 13534
               +---------+---------+-------+---------+---------+-------+---------
           D:1 |       0 |      37 |   0.0 |       0 |      22 |   0.0 |  1006
           D:2 |       0 |     226 |   0.0 |       0 |      33 |   0.0 |  1295
           D:3 |       0 |     389 |   0.0 |       0 |      36 |   0.0 |  1328
           D:4 |       0 |     631 |   0.0 |       0 |      17 |   0.0 |   828
           D:5 |       0 |     768 |   0.0 |       0 |      17 |   0.0 |  1097
           D:6 |       0 |    1046 |   0.0 |       0 |      17 |   0.0 |  1209
           D:7 |       0 |    1143 |   0.0 |       0 |      39 |   0.0 |   998
           D:8 |       0 |    2004 |   0.0 |       0 |      26 |   0.0 |  1250
           D:9 |       0 |    5031 |   0.0 |       0 |      43 |   0.0 |  1689
          D:10 |       0 |    1893 |   0.0 |       0 |      27 |   0.0 |  1283
          D:11 |       0 |    1358 |   0.0 |       0 |      15 |   0.0 |  1473
               +---------+---------+-------+---------+---------+-------+---------
